 Dungeon Crawl Stone Soup version 0.30.1-9-gdf580d7c3d (webtiles) character file.

Game seed: 8126769949762600859

175 leafyfresh the Digger (level 5, -7/38 HPs)
             Began as a Demigod Earth Elementalist on Oct 13, 2023.
             Mangled by Robin
             ... wielding a +3 vampiric trident
              (8 damage)
             ... on level 4 of the Dungeon.
             The game lasted 00:07:04 (3163 turns).

leafyfresh the Digger (Demigod Earth Elementalist)  Turns: 3163, Time: 00:07:06

Health: -7/38      AC:  4    Str: 12    XL:     5   Next: 7%
Magic:  12/22      EV: 12    Int: 21    God:
Gold:   165        SH:  0    Dex: 18    Spells: 4/11 levels left

rFire   . . .        q - staff of earth
rCold   . . .        (no shield)
rNeg    . . .        a - +0 robe
rPois   .            u - +1 helmet "Dulinys" {+Blink Will- Str+3 Dex+4}
rElec   .            (no cloak)
rCorr   .            (no gloves)
SInv    .            (no boots)
Will    .....        (no amulet)
Stlth   ++           i - ring of magical power
HPRegen 0.26/turn    (no ring)
MPRegen 0.18/turn

%: no passive effects
@: no status effects
A: high MP 1, forlorn, divine attributes
a: Evoke Blink


You were on level 4 of the Dungeon.
You visited 1 branch of the dungeon, and saw 4 of its levels.

You collected 165 gold pieces.

Inventory:

Hand Weapons
 c - a +0 club
 t - a +1 dagger of venom
 w - a +2 short sword of speed
Armour
 a - a +0 robe (worn)
 u - the +1 helmet "Dulinys" (worn) {+Blink Will- Str+3 Dex+4}
   (You found it on level 3 of the Dungeon)

   Str:       It affects your strength (+3).
   Dex:       It affects your dexterity (+4).
   +Blink:    It lets you blink.
   Will:      It decreases your willpower.
 v - a +0 chain mail of cold resistance
Magical Staves
 j - a staff of earth
 k - a staff of fire
 q - a staff of earth (weapon)
Jewellery
 i - a ring of magical power (left hand)
Scrolls
 d - 5 scrolls of identify {unknown}
 e - 2 scrolls of noise {unknown}
 f - a scroll of silence {unknown}
 m - a scroll of vulnerability {unknown}
 n - a scroll of teleportation {unknown}
 p - a scroll of amnesia {unknown}
Potions
 b - a potion of magic
 g - a potion of cancellation {unknown}
 h - a potion of might {unknown}
 l - a potion of lignification {unknown}
 o - a potion of heal wounds
 r - a potion of haste {unknown}
 s - a potion of ambrosia {unknown}


   Skills:
 - Level 1.7 Dodging
 - Level 1.7 Stealth
 + Level 3.5 Spellcasting
 - Level 0.8 Transmutations
 + Level 4.3 Earth Magic


You had 4 spell levels left.
You knew the following spells:

 Your Spells              Type           Power      Damage    Failure   Level
a - Sandblast             Erth           64%        2d14      2%          1
b - Passwall              Tmut/Erth      17%        N/A       7%          2
c - Summon Small Mammal   Summ           12%        N/A       13%         1
d - Stone Arrow           Conj/Erth      38%        3d9       16%         3

Your spell library contained the following spells:

 Spells                   Type           Power      Damage    Failure   Level
 Apportation              Tloc           6%         N/A       13%         1
 Necrotise                Necr           12%        1d4       13%         1
 Petrify                  Tmut/Erth      21%        N/A       41%         4


Dungeon Overview and Level Annotations

Branches:
Dungeon (4/15)
 Temple: D:4-7

Shops:
D:2 *

Annotations:
D:4 Robin


Innate Abilities, Weirdness & Mutations

You have an increased reservoir of magic. (+10% MP)
You shall have no god before yourself.
Your divine heritage dramatically boosts your attributes as you level up.


Message History

Aiming: Sandblast (safe; 2% risk of failure)
Press: ? - help, Shift-Dir - straight line, f - goblin
Aim: a goblin, wielding a +0 club (strong, 80% to hit)
You feel a surge of power!
The blast of sand hits the goblin!!
You kill the goblin!
Robin hits you from afar with a +3 vampiric trident!
Casting: Sandblast (safe; 2% risk of failure)
Confirm with . or Enter, or press ? or * to list all spells.
Aiming: Sandblast (safe; 2% risk of failure)
Press: ? - help, Shift-Dir - straight line, f - Robin
Aim: Robin, wielding a +3 vampiric trident, wearing a +0 animal skin and wearing a +0 helmet (88% to hit)
You feel a surge of power!
The blast of sand hits Robin!
Robin is almost dead.
Robin hits you from afar with a +3 vampiric trident!
Robin hits you from afar with a +3 vampiric trident.
* * * LOW HITPOINT WARNING * * *
Casting: Sandblast (safe; 2% risk of failure)
Confirm with . or Enter, or press ? or * to list all spells.
Aiming: Sandblast (safe; 2% risk of failure)
Press: ? - help, Shift-Dir - straight line, f/p - Robin
Aim: Robin, wielding a +3 vampiric trident, wearing a +0 animal skin and wearing a +0 helmet (almost dead, 88% to hit)
You feel a surge of power!
The blast of sand hits the hobgoblin!
You kill the hobgoblin!
Robin closely misses you. The ufetubus hits you.
* * * LOW HITPOINT WARNING * * *
The ufetubus misses you.
Casting: Sandblast (safe; 2% risk of failure)
Confirm with . or Enter, or press ? or * to list all spells.
Aiming: Sandblast (safe; 2% risk of failure)
Press: ? - help, Shift-Dir - straight line, f/p - Robin
Aim: Robin, wielding a +3 vampiric trident, wearing a +0 animal skin and wearing a +0 helmet (almost dead, 88% to hit)
You feel a surge of power!
The blast of sand hits the ufetubus!
You kill the ufetubus!
Robin says, "Feeling lonely?"
Robin hits you from afar with a +3 vampiric trident.
* * * LOW HITPOINT WARNING * * *
Robin draws strength from your wounds!
Robin points. "Kill!"
Robin hits you from afar with a +3 vampiric trident!
You die...

.#.# ##.# .. ...# #.#
.###### ## ..# #.##..
.>. #.# ...#.# #.#
#).# .#.#.#####..
#g..#
.......†##.######)..#
##.#.##.#......)@#
##.#.<.......#####
##.##........#
...#...##....###
..##...###.....#
.......###.....#
..#....#.......#
..##....._.##..#
......##...##..#


You could see Robin.

Vanquished Creatures
  A hound (D:4)
  5 adders
  An ufetubus (D:4)
  A worm (D:4)
  5 dart slugs
  8 bats
  2 endoplasms
  6 giant cockroaches
  17 goblins
  6 hobgoblins
  5 quokkas
  2 ball pythons (D:1)
  4 frilled lizards
  4 kobolds
  25 rats
92 creatures vanquished.

Notes
Turn   | Place    | Note
-------+----------+-------------------------------------------
     0 | D:1      | leafyfresh the Demigod Earth Elementalist began the quest
                  | for the Orb.
     0 | D:1      | Reached XP level 1. HP: 14/14 MP: 5/5
   256 | D:1      | Reached skill level 3 in Earth Magic
   443 | D:1      | Reached XP level 2. HP: 20/20 MP: 7/7
  1154 | D:2      | Learned a level 2 spell: Passwall
  1156 | D:2      | Learned a level 1 spell: Summon Small Mammal
  1222 | D:2      | Found Saul's Assorted Antiques.
  1234 | D:2      | Reached XP level 3. HP: 26/26 MP: 9/9
  2269 | D:3      | Reached XP level 4. HP: 33/33 MP: 11/11
  2682 | D:3      | Reached skill level 4 in Earth Magic
  2687 | D:3      | Identified the +1 helmet "Dulinys" {+Blink Will- Str+3
                  | Dex+4}
  2797 | D:4      | Learned a level 3 spell: Stone Arrow
  3150 | D:4      | Noticed Robin
  3155 | D:4      | Reached XP level 5. HP: 34/38 MP: 13/13
  3163 | D:4      | HP: 1/38 [Robin/+3 vampiric trident (5)]
  3163 | D:4      | Mangled by Robin

Illustrated notes

Levels and vault maps discovered:
D:1:      dpeg_arrival_rooms_c, layout_loops_ring
D:2:      layout_loops_cross, serial_shops, shop
D:3:      layout_loops_ring, kiku_gazebo_pond_becter, dk_noncrumbling_2,
          minmay_rat_hole
D:4:      layout_loops_cross, trog_three_pillars_becter,
          minmay_temple_entry_hall, minmay_cut_off, uniq_robin

Skill      XL: |  1  2  3  4 |
---------------+-------------+-----
Spellcasting   | 2 3 |  3.5
Earth Magic    | 3 4 |  4.3
Dodging        | |  1.7
Stealth        | |  1.7
Transmutations | |  0.8

Action                     |  1- 3 |  4- 6 || total
---------------------------+-------+-------++-------
  Melee: Club              |    81 |       ||    81
         Unarmed           |     3 |       ||     3
         Staff             |    36 |   108 ||   144
         Punch             |     1 |       ||     1
   Cast: Sandblast         |    37 |    18 ||    55
   Stab: Sleeping          |    10 |     4 ||    14
 Armour: Robe              |    42 |    24 ||    66
  Dodge: Dodged            |   128 |    84 ||   212
